 Dungeon Crawl Stone Soup version 0.27.1 (webtiles) character file.

Game seed: 15106061250690485808

69 acemry the Chopper (level 4, -2/39 HPs)
             Began as a Minotaur Fighter on Sept 4, 2021.
             Killed by divine providence
             ... invoked by an orc priest
              (12 damage)
             ... on level 3 of the Dungeon.
             The game lasted 00:01:33 (1429 turns).

acemry the Chopper (Minotaur Fighter)               Turns: 1429, Time: 00:01:34

Health: -2/39      AC:  6    Str: 22    XL:     4   Next: 2%
Magic:  3/3        EV:  9    Int:  5    God:
Gold:   52         SH:  0    Dex:  9    Spells: 3/3 levels left

rFire    . . .     SeeInvis .   a - +0 war axe
rCold    . . .     Faith    .   (no shield)
rNeg     . . .     Spirit   .   b - +0 scale mail
rPois    .         Reflect  .   (helmet restricted)
rElec    .         Harm     .   (no cloak)
rCorr    .         Rampage  .   (no gloves)
Will     .....                  (no boots)
Stlth    ..........             (no amulet)
HPRegen  0.13/turn              (no ring)
MPRegen  0.08/turn              (no ring)

@: no status effects
A: horns 2, retaliatory headbutt
a: no special abilities


You were on level 3 of the Dungeon.
You visited 1 branch of the dungeon, and saw 3 of its levels.

You collected 52 gold pieces.

Inventory:

Hand Weapons
 a - a +0 war axe (weapon)
Armour
 b - a +0 scale mail (worn)
 c - a +0 kite shield
Scrolls
 g - a scroll of identify {unknown}
 h - a scroll of torment {unknown}
Potions
 d - 2 potions of might
 e - a potion of berserk rage {unknown}
 f - a potion of heal wounds {unknown}


   Skills:
 - Level 3.6 Fighting
 + Level 5.3 Axes
 - Level 3.6 Armour
 - Level 3.6 Shields


You had 3 spell levels left.
You didn't know any spells.
Your spell library was empty.

Dungeon Overview and Level Annotations

Branches:
Dungeon (3/15)

Altars:
Yredelemnul


Innate Abilities, Weirdness & Mutations

You have a pair of horns on your head.
You reflexively headbutt those who attack you in melee.


Message History

The orc shouts! x2
You see here a scroll labelled IMA FESOUH.
There are monsters nearby!
h - a scroll labelled IMA FESOUH An orc priest comes into view.
It is wielding a +0 hand axe.
An orc comes into view. It is wielding a +0 whip.
You hit the orc.
You kill the orc!
The orc hits you with a +0 short sword.
You closely miss the orc. The orc hits you with a +0 short sword.
You barely miss the orc. The orc hits you with a +0 short sword.
You hit the orc. You headbutt the orc.
The orc is severely wounded.
The orc hits you but does no damage.
You hit the orc. Your headbutt misses the orc.
The orc is almost dead.
The orc hits you with a +0 short sword. The orc misses you.
The orc shouts!
You slash the orc!
You kill the orc!
The orc priest shouts!
You hit the orc. You headbutt the orc, but do no damage.
The orc is heavily wounded.
The orc priest calls upon Beogh to heal the orc.
The orc's wounds heal themselves!
The orc hits you but does no damage.
You hit the orc but do no damage. You headbutt the orc!
You kill the orc!
The orc priest begins to cast a cantrip, but forgets the words!
You have reached level 4!
You feel stronger.
The orc priest calls down the wrath of Beogh upon you.
Pain shoots through your body!
Items here: ))) [[[ †.
The orc priest hits you with a +0 hand axe.
* * * LOW HITPOINT WARNING * * *
You hit the orc priest but do no damage.
Your headbutt misses the orc priest.
The orc priest calls down the wrath of Beogh upon you.
Beogh smites you!
You die...

#.# #.# #.# #.# #.
#.### #..###### #.#.##
#.......######....####
......o@......<......+
#.....#)######....####
##.#. #.# #.#.## # #[#
#.### #.# #.# ..# #.#
### #.# ..#


You could see an orc priest.

Vanquished Creatures
  A hound skeleton (D:2)
  2 adders (D:2)
  3 orcs (D:3)
  3 ball pythons
  6 bats
  3 endoplasms
  A giant cockroach (D:1)
  8 goblins
  A hobgoblin (D:2)
  A kobold (D:2)
  2 quokkas
31 creatures vanquished.

Vanquished Creatures (others)
  2 fungi (D:1)
2 creatures vanquished.

Grand Total: 33 creatures vanquished

Notes
Turn   | Place    | Note
-------+----------+-------------------------------------------
     0 | D:1      | acemry the Minotaur Fighter began the quest for the Orb.
     0 | D:1      | Reached XP level 1. HP: 19/19 MP: 0/0
    48 | D:1      | Reached skill level 3 in Axes
    54 | D:1      | Reached XP level 2. HP: 21/26 MP: 1/1
   249 | D:1      | Found a faded altar of an unknown god.
   362 | D:1      | Reached skill level 4 in Axes
   514 | D:2      | Reached XP level 3. HP: 29/31 MP: 2/2
   803 | D:2      | Found a basalt altar of Yredelemnul.
  1228 | D:2      | Reached skill level 5 in Axes
  1427 | D:3      | Reached XP level 4. HP: 24/39 MP: 3/3
  1429 | D:3      | Killed from afar by an orc priest

Illustrated notes

Levels and vault maps discovered:
D:1:      saegor_arrival_simple_d, layout_rooms,
          shapermc_ecumenical_altar_ellora
D:2:      layout_basic, basic_altar
D:3:      layout_loops_corners, gammafunk_temple_overflow_wave,
          old_standard_altar, cheibrodos_worm_habitat, mrwooster_statue_mirror,
          minmay_misc_feat_ornament, uniq_sigmund, uniq_robin, uniq_jessica

Skill      XL: |  1  2  3 |
---------------+----------+-----
Axes           | 3 4 5 |  5.3
Fighting       | |  3.6
Armour         | |  3.6
Shields        | |  3.6

Action                   |  1- 3 |  4- 6 || total
-------------------------+-------+-------++-------
Melee: War axe           |    66 |     1 ||    67
       Headbutt          |     7 |       ||     7
  Use: Scroll            |     1 |       ||     1
Armor: Scale mail        |    34 |       ||    34
Dodge: Dodged            |    41 |       ||    41
